 Dungeon Crawl Stone Soup version 0.29-a0-834-g1e95ca9f62 (webtiles) character file.

Game seed: 9561479459286066064

337190 jlumianski the Impaler (level 21, 0/187 HPs)
             Began as a Demonspawn Fighter on July 12, 2022.
             Was the Champion of Qazlal.
             Slain by a +1 glaive of flaming (12 damage)
             ... animated by Zenata
             ... on level 4 of the Vaults on July 13, 2022.
             The game lasted 04:19:55 (47245 turns).

jlumianski the Impaler (Demonspawn Fighter)        Turns: 47245, Time: 04:19:56

Health: 0/187      AC: 44    Str: 31    XL:     21   Next: 0%
Magic:  34/34      EV:  7    Int: 10    God:    Qazlal [******]
Gold:   1655       SH:  8    Dex: 21    Spells: 20/20 levels left

rFire   + + +      SeeInvis +   w - +5 glaive of the Guard {elec, spectral, AC+5}
rCold   + . .      Faith    .   (shield currently unavailable)
rNeg    . . .      Spirit   .   I - +1 crystal plate armour {rC+}
rPois   +          Reflect  .   h - +2 helmet {SInv}
rElec   +          Harm     .   j - +2 cloak {rPois}
rCorr   .          Rampage  .   (gloves unavailable)
Will    ++...                   T - +2 pair of boots
Stlth   ..........              Z - amulet "Astot" {Contam rElec rF+++ Will+ Regen+}
HPRegen 1.21/turn               o - +4 ring of slaying
MPRegen 0.24/turn               f - +6 ring of strength

@: protected from physical damage, studying Conjurations, repel missiles
A: thin skeletal structure 3, demonic guardian 2, spiny 2, demonic touch 3,
robust 1, wild magic 1
}: 2/15 runes: serpentine, barnacled
a: Renounce Religion, Upheaval, Elemental Force, Disaster Area


You were on level 4 of the Vaults.
You worshipped Qazlal.
Qazlal was exalted by your worship.
You visited 6 branches of the dungeon, and saw 34 of its levels.
You also visited: Bailey and Ice Cave.

You collected 3798 gold pieces.
You spent 2143 gold pieces at shops.

Inventory:

Hand Weapons
 a - a +2 broad axe of freezing
 w - the +5 glaive of the Guard (weapon) {elec, spectral, AC+5}
   (You found it on level 4 of the Dungeon)

   It occasionally discharges a powerful burst of electricity upon striking a
   foe.
   When it strikes, its spirit leaps out and fights alongside the wielder.
   AC:        It affects your AC (+5).
 D - the +7 rapier of the Brewing Gods {freeze, Will+++ MP-9 Int+4}
   (You found it on level 6 of the Dungeon)

   It freezes those it strikes, dealing additional cold damage.
   It can also slow down cold-blooded creatures.
   Int:       It affects your intelligence (+4).
   MP:        It affects your magic capacity (-9).
   Will:      It greatly increases your willpower.
 H - a +8 vorpal quarterstaff
 O - the +3 quarterstaff of the Pits of Slime {freeze, Fly rC+++ Int-2 Stlth-}
   (You found it on level 2 of the Snake Pit)

   It freezes those it strikes, dealing additional cold damage.
   It can also slow down cold-blooded creatures.
   Int:       It affects your intelligence (-2).
   rC:        It renders you almost immune to cold.
   Fly:       It grants you flight.
   Stlth:     It makes you less stealthy.
Missiles
 e - 44 boomerangs (quivered)
 m - a boomerang of dispersal
 C - 10 throwing nets
 L - 6 curare-tipped darts
 Y - 22 atropa-tipped darts
Armour
 h - a +2 helmet of see invisible (worn)
 j - a +2 cloak of poison resistance (worn)
 I - a +1 crystal plate armour of cold resistance (worn)
 T - a +2 pair of boots (worn)
Jewellery
 f - a +6 ring of strength (right hand)
 o - a +4 ring of slaying (left hand)
 G - an amulet of regeneration
 U - a ring of flight
 Z - the amulet "Astot" (around neck) {Contam rElec rF+++ Will+ Regen+}
   (You bought it in a shop on level 15 of the Dungeon)

   [amulet of regeneration]

   rF:        It renders you almost immune to fire.
   rElec:     It insulates you from electricity.
   Contam:    It causes magical contamination when unequipped.
   Regen:     It increases your rate of health regeneration.
   Will:      It increases your willpower.
Wands
 c - a wand of polymorph (4)
 k - a wand of quicksilver (9)
 y - a wand of mindburst (36)
 M - a wand of charming (34)
 Q - a wand of roots (15)
 W - a wand of flame (42)
Scrolls
 i - a scroll of magic mapping
 v - 5 scrolls of fear
 z - a scroll of silence
 A - 3 scrolls of blinking
 E - a scroll of fog
 F - 15 scrolls of teleportation
 P - 5 scrolls of poison
 X - a scroll of summoning
Potions
 d - 9 potions of might
 g - 5 potions of haste
 p - a potion of cancellation
 r - 11 potions of attraction
 s - 2 potions of berserk rage
 t - 17 potions of curing
 u - 4 potions of flight
 x - 5 potions of heal wounds
 B - 4 potions of invisibility
 K - 2 potions of resistance
 N - a potion of ambrosia
Miscellaneous
 b - a phantom mirror
 l - a lightning rod (4/4)
 n - a condenser vane
 q - a tin of tremorstones (2/2)
 J - a phial of floods


   Skills:
 + Level 15.9 Fighting
 + Level 1.0 Short Blades
 - Level 4.6(13.7) Axes
 - Level 19.7(20.0) Polearms
 + Level 2.8(13.3) Staves
 + Level 2.6 Throwing
 + Level 16.2 Armour
 + Level 0.7 Dodging
 - Level 5.1 Stealth
 - Level 7.0 Shields
 * Level 19.0 Invocations
 * Level 15.3 Evocations


You had 20 spell levels left.
You didn't know any spells.
Your spell library contained the following spells:

 Spells                   Type           Power      Damage    Failure   Level
 Apportation              Tloc           0%         N/A       99%         1
 Magic Dart               Conj           0%         1d3       99%         1
 Necrotise                Necr           0%         1d4       99%         1
 Sting                    Tmut/Pois      0%         1d3       99%         1
 Summon Small Mammal      Summ           0%         N/A       99%         1
 Ensorcelled Hibernation  Hex/Ice        0%         N/A       100%        2
 Poisonous Vapours        Pois/Air       0%         N/A       100%        2
 Scorch                   Fire           0%         2d5       100%        2
 Searing Ray              Conj           0%         2d4       100%        2
 Static Discharge         Conj/Air       0%         3-3/arc   100%        2
 Dazzling Flash           Conj/Hex       0%         N/A       100%        3
 Gell's Gravitas          Tloc           0%         N/A       100%        3
 Lesser Beckoning         Tloc           0%         N/A       100%        3
 Ozocubu's Armour         Ice            0%         N/A       100%        3
 Spider Form              Tmut/Pois      0%         N/A       100%        3
 Summon Guardian Golem    Hex/Summ       0%         N/A       100%        3
 Teleport Other           Tloc           0%         N/A       100%        3
 Anguish                  Hex/Necr       0%         N/A       100%        4
 Animate Dead             Necr           0%         N/A       100%        4
 Corpse Rot               Necr/Pois/Air  0%         N/A       100%        4
 Dispel Undead            Necr           0%         3d6       100%        4
 Flame Wave               Conj/Fire      0%         2d4       100%        4
 Fulminant Prism          Conj/Hex       0%         3d6       100%        4
 Hailstorm                Conj/Ice       0%         3d3       100%        4
 Iskenderun's Mystic Bla  Conj/Tloc      0%         2d3       100%        4
 Olgreb's Toxic Radiance  Pois           0%         N/A       100%        4
 Petrify                  Tmut/Erth      0%         N/A       100%        4
 Sticky Flame             Conj/Fire      0%         2d3       100%        4
 Borgnjor's Vile Clutch   Necr/Erth      0%         N/A       100%        5
 Fireball                 Conj/Fire      0%         3d3       100%        5
 Freezing Cloud           Conj/Ice/Air   0%         6-21      100%        5
 Lee's Rapid Deconstruct  Erth           0%         3d5*      100%        5
 Lightning Bolt           Conj/Air       0%         1d11      100%        5
 Metabolic Englaciation   Hex/Ice        0%         N/A       100%        5
 Summon Mana Viper        Hex/Summ       0%         N/A       100%        5
 Conjure Ball Lightning   Conj/Air       0%         3x3d6     100%        6
 Death Channel            Necr           0%         N/A       100%        6
 Dispersal                Tloc           0%         N/A       100%        6
 Simulacrum               Ice/Necr       0%         N/A       100%        6
 Starburst                Conj/Fire      0%         6d3       100%        6
 Summon Cactus Giant      Summ           0%         N/A       100%        6
 Orb of Destruction       Conj           0%         9d5       100%        7
 Ozocubu's Refrigeration  Ice            0%         4d5       100%        7
 Spellforged Servitor     Conj/Summ      0%         N/A       100%        7
 Discord                  Hex            0%         N/A       100%        8
 Disjunction              Tloc           0%         N/A       100%        8
 Ignition                 Fire           0%         3d3       100%        8
 Maxwell's Capacitive Co  Air            0%         ∞         100%        8


Dungeon Overview and Level Annotations

Branches:
Dungeon (15/15)            Temple (1/1) D:4            Lair (6/6) D:9
 Shoals (4/4) Lair:2        Snake (4/4) Lair:4        Slime (0/5) Lair:5
    Orc (0/2) D:10         Vaults (4/5) D:14          Crypt (0/3) Vaults:2
 Depths (0/4) D:15         Bailey (visited)           IceCv (visited)

Altars:
Ashenzari
Cheibriados
Dithmenos
Fedhas
Gozag
Hepliaklqana
Kikubaaqudgha
Nemelex Xobeh
Qazlal
Ru
Sif Muna
Trog
Uskayaw
Vehumet
Xom
Yredelemnul
Jiyva

Shops:
D:4 !   D:14 [   D:15 =   Shoals:1 [   Snake:4 :=:

Portals:
Trove: D:14 (give 3 potions of resistance)

Annotations:
D:2 Sigmund
D:3 1 runed translucent door, Bediveer's ghost, weakling OpWn
Vaults:4 Zenata


Innate Abilities, Weirdness & Mutations

You have an unnaturally thin skeletal structure. (Dex +6, Stealth+++)
A demonic guardian rushes to your aid.
You are mostly covered in sharp spines.
Your touch may irresistibly damage your foes and sap their willpower.
You are robust. (+10% HP)
Your spells are a little harder to cast, but a little more powerful.


Message History

You block the +2 dire flail of protection's attack.
The +2 dire flail of protection is engulfed in freezing vapours.
You block the +2 dire flail of protection's attack.
The +1 dire flail of protection is struck by your spines.
The +1 dire flail of protection hits you but does no damage.
The +1 glaive of flaming hits you from afar.
* * * LOW HITPOINT WARNING * * *
You see here 3 stones.
The +2 dire flail of protection attacks as you move away!
You block the +2 dire flail of protection's attack.
You hear a shout!
The +2 dire flail of protection is struck by your spines.
You destroy the +2 dire flail of protection!
The +2 dire flail of protection disappears in a puff of smoke!
You block the +1 dire flail of protection's attack.
The +1 dire flail of protection is struck by your spines.
The +1 dire flail of protection hits you but does no damage.
The +1 glaive of flaming hits you but does no damage.
The +1 dire flail of protection hits you but does no damage.
You block the +3 battleaxe of electrocution's attack.
The +1 glaive of flaming is engulfed in freezing vapours.
The +1 glaive of flaming hits you but does no damage.
The +1 dire flail of protection is struck by your spines.
The +1 dire flail of protection hits you!
* * * LOW HITPOINT WARNING * * *
You feel more protected from physical attacks.
The +1 dire flail of protection hits you but does no damage.
The +3 battleaxe of electrocution is struck by your spines.
The +3 battleaxe of electrocution closely misses you.
The +1 glaive of flaming hits you but does no damage.
The +1 dire flail of protection hits you!!
* * * LOW HITPOINT WARNING * * *
A demonic guardian appears!
The +3 battleaxe of electrocution hits you!
* * * LOW HITPOINT WARNING * * *
The +1 dire flail of protection hits you!
* * * LOW HITPOINT WARNING * * *
The +1 glaive of flaming is engulfed in blazing flames.
The +1 glaive of flaming hits you from afar!
You die...

#..........#.................
#..........#.....############
#..........#.....#
#######'####.†...# #......#
#.....# #......# #†.>..#
#......# #.3...# #......#
#.....# #......# #..○@○#
#......# #..((☼# ########
#.[.(.# #.§...# #..§.°#######
#...(.'...... #..a..#......
#.....#...... #.c...#......


You could see Zenata, 3 dancing weapons and a friendly smoke demon (summoned).

Vanquished Creatures
  Boris (Vaults:3)
  Nikola (Shoals:3)
  Asterion (Snake:4)
  Mlioglotl (Snake:4)
  2 liches
  Frances (D:12)
  Kirke (Lair:3)
  A sphinx (Vaults:3)
  4 krakens
  7 nagarajas
  Louise (Shoals:1)
  16 ironbound preservers
  Aizul (Snake:4)
  4 very ugly things
  2 vault wardens (Vaults:3)
  An ironbound thunderhulk (Vaults:2)
  Azrael (Snake:3)
  2 elemental wellsprings (Shoals:3)
  14 dire elephants
  2 ettins
  Snorg (D:12)
  A fire dragon (Lair:6)
  8 merfolk impalers
  5 yaktaur captains
  4 merfolk javelineers (Shoals:4)
  6 great orbs of eyes
  9 hydras
  An ice dragon (Lair:6)
  Josephine (D:10)
  3 caustic shrike simulacra (IceCv)
  3 salamander tyrants
  21 anacondas
  4 boulder beetles
  3 merfolk avatars
  6 ironbound frosthearts
  A catoblepas (Lair:2)
  18 naga warriors
  6 two-headed ogres
  2 death knights
  2 dancing weapons (D:14)
  9 merfolk aquamancers
  20 centaur warriors
  A satyr (Shoals:3)
  8 death yaks
  2 tengu warriors
  Urug (D:10)
  An orc high priest (Vaults:2)
  7 shock serpents
  19 naga sharpshooters
  Sonja (Lair:3)
  A fire crab (Lair:6)
  A fire crab (shapeshifter) (D:15)
  4 salamander mystics
  5 skeletal warriors
  16 sea snakes
  56 deep trolls
  A glowing orange brain (Vaults:3)
  A shadow wraith (Shoals:2)
  A swamp dragon (Lair:6)
  4 lindwurms
  8 bog bodies
  A phantasmal warrior (D:13)
  6 ironbound convokers
  An obsidian statue (IceCv)
  4 orc knights (Vaults:2)
  5 wizards
  7 naga ritualists
  42 harpies
  2 deep elf pyromancers
  11 mana vipers
  3 necromancers
  A salamander (shapeshifter) (D:9)
  17 manticores
  10 fauns
  7 cyclopes
  A frost giant zombie (Vaults:1)
  15 salamanders
  29 ugly things
  A sphinx skeleton (Vaults:3)
  A frost giant skeleton (Vaults:3)
  11 vault sentinels
  12 guardian serpents
  32 black mambas
  4 water nymphs
  16 merfolk sirens
  5 torpor snails (Lair:6)
  13 elephants
  22 naga magi
  A gargoyle (D:11)
  3 unseen horrors
  12 cane toads
  2 elf skeletons
  7 komodo dragons
  An ice devil (IceCv)
  7 rime drakes
  An entropy weaver simulacrum (IceCv)
  2 tengu conjurers (D:15)
  17 freezing wraiths
  11 yaktaurs
  3 anaconda simulacra (IceCv)
  A golden dragon simulacrum (IceCv)
  3 harpy zombies (Shoals:1)
  5 trolls
  A polar bear (Lair:6)
  8 hornets
  10 wind drakes
  A tengu simulacrum (Vaults:1)
  32 merfolk
  2 tyrant leeches (Lair:6)
  34 slime creatures
  4 snapping turtles
  10 blink frogs
  Prince Ribbit (D:8)
  14 dream sheep
  2 shadows
  2 vampires
  12 wraiths
  4 fire elementals (Snake:2)
  12 water elementals
  3 wyverns
  4 dire elephant simulacra (IceCv)
  4 hogs (Lair:3)
  Grum (D:7)
  5 steam dragons
  3 minotaur simulacra (IceCv)
  A basilisk (Lair:6)
  5 vampire mosquitoes
  34 yaks
  6 harpy simulacra (IceCv)
  53 nagas
  5 acid dragons
  23 water moccasins
  4 hell hounds (Snake:2)
  A glowing shapeshifter skeleton (Vaults:1)
  A hydra simulacrum (IceCv)
  An ogre skeleton (Vaults:1)
  A swamp drake (Lair:6)
  4 ice beasts
  2 black bears
  21 orc warriors
  A sky beast (D:4)
  2 ettin simulacra (IceCv)
  3 alligator simulacra (IceCv)
  An ogre (D:7)
  11 centaurs
  21 wolves
  15 bullfrogs
  A human zombie (Vaults:3)
  5 kobold brigands
  A scorpion (D:5)
  A deep troll simulacrum (IceCv)
  14 wights
  10 killer bees (D:9)
  A lindwurm simulacrum (IceCv)
  An electric eel (Lair:4)
  5 howler monkeys
  2 hounds
  Crazy Yiuf (D:7)
  2 gnoll boudas
  4 orc priests
  A jelly (D:7)
  9 iguanas
  Ijyb (D:5)
  Terence (D:3)
  5 orc wizards
  9 gnolls
  6 adders
  2 shadow imps
  2 white imps (D:5)
  2 ufetubi
  A dart slug (D:5)
  42 orcs
  A bat zombie (Shoals:1)
  7 endoplasms
  4 giant cockroaches
  4 goblins
  6 hobgoblins
  9 jackals
  4 quokkas
  4 ball pythons
  2 bats
  5 frilled lizards
  31 kobolds
  A rat (D:3)
  A fungus (Lair:5)
  3 plants
  11 tentacles
1298 creatures vanquished.

Vanquished Creatures (collateral kills)
  Mara (Shoals:4)
  Bai Suzhen (Vaults:2)
  Rupert (D:14)
  A sphinx (Vaults:1)
  A nagaraja (Snake:1)
  A merfolk javelineer (Shoals:4)
  A merfolk impaler (Shoals:2)
  A hydra (D:15)
  A naga warrior (Snake:3)
  A death yak (Lair:6)
  A satyr (Shoals:2)
  2 naga sharpshooters (Snake:4)
  A shock serpent (Snake:1)
  A sea snake (Shoals:4)
  2 deep trolls
  An ironbound convoker (Vaults:2)
  A harpy (Shoals:1)
  A faun (Shoals:2)
  2 salamanders (Snake:4)
  An ugly thing (D:15)
  A cyclops (Shoals:2)
  A water nymph (Shoals:3)
  A black mamba (Snake:1)
  A cane toad (Lair:3)
  2 harpy zombies (Shoals:1)
  3 blink frogs (Lair:4)
  A tyrant leech (Lair:6)
  4 merfolk
  5 dream sheep
  2 snapping turtles (Shoals:2)
  2 yaks (Lair:6)
  A basilisk (Lair:5)
  A manticore zombie (Shoals:1)
  A tentacle (Shoals:3)
49 creatures vanquished.

Vanquished Creatures (others)
  A human (Lair:3)
  A wight (D:9)
  A bush (Snake:4)
  20 fungi
  118 plants
  14 tentacles
155 creatures vanquished.

Grand Total: 1502 creatures vanquished

Notes
Turn   | Place    | Note
-------+----------+-------------------------------------------
     0 | D:1      | jlumianski the Demonspawn Fighter began the quest for the
                  | Orb.
     0 | D:1      | Reached XP level 1. HP: 18/18 MP: 1/1
   249 | D:1      | Gained mutation: Your touch may inflict minor irresistible
                  | damage on your foes. [demonic ancestry]
   249 | D:1      | Reached XP level 2. HP: 23/24 MP: 2/2
   345 | D:1      | Found a faded altar of an unknown god.
   376 | D:2      | Noticed Sigmund
   890 | D:1      | Gained mutation: Your touch may inflict irresistible damage
                  | on your foes. [demonic ancestry]
   890 | D:1      | Reached XP level 3. HP: 29/29 MP: 3/3
  1655 | D:3      | Noticed Terence
  1663 | D:3      | Killed Terence
  1664 | D:3      | Gained mutation: You are partially covered in sharp spines.
                  | [demonic ancestry]
  1664 | D:3      | Reached XP level 4. HP: 22/35 MP: 4/4
  1916 | D:3      | Found a runed translucent door.
  1917 | D:3      | Noticed Bediveer's ghost (weakling OpWn)
  2016 | D:3      | Reached XP level 5. HP: 17/41 MP: 5/5
  2305 | D:3      | Found a shimmering blue altar of Sif Muna.
  2422 | D:4      | Found a staircase to the Ecumenical Temple.
  2431 | Temple   | Entered the Ecumenical Temple
  2470 | Temple   | Became a worshipper of Qazlal Stormbringer
  2522 | D:4      | Noticed a black bear
  2532 | D:4      | Killed a black bear
  2899 | D:4      | Noticed a sky beast
  2906 | D:4      | Killed a sky beast
  2907 | D:4      | Reached XP level 6. HP: 48/48 MP: 6/6
  2974 | D:4      | Found the +5 glaive of the Guard {elec, spectral, AC+5}
  3199 | D:4      | Found Ylouj's Distillery.
  3202 | D:4      | Bought a potion of curing for 36 gold pieces
  3202 | D:4      | Bought a potion of curing for 36 gold pieces
  3202 | D:4      | Bought a potion of heal wounds for 60 gold pieces
  3241 | D:5      | Entered Level 5 of the Dungeon
  3253 | D:5      | Noticed an ice beast
  3256 | D:5      | Killed an ice beast
  3290 | D:5      | Found a hide-covered altar of Uskayaw.
  3290 | D:5      | Found a bloodstained altar of Trog.
  3298 | D:5      | Found a shadowy altar of Dithmenos.
  3300 | D:5      | Found an ancient bone altar of Kikubaaqudgha.
  3322 | D:5      | Reached skill level 1 in Polearms
  3322 | D:5      | Gained mutation: A weak demonic guardian rushes to your
                  | aid. [demonic ancestry]
  3322 | D:5      | Reached XP level 7. HP: 54/54 MP: 7/7
  3328 | D:5      | Got the Lessons on the Gathered Mausoleum
  3836 | D:5      | Found a hazy altar of Hepliaklqana.
  4209 | D:5      | Noticed Ijyb
  4213 | D:5      | Killed Ijyb
  4227 | D:5      | Gained mutation: You are robust. (+10% HP) [potion of
                  | mutation]
  4227 | D:5      | Gained mutation: Your spells are a little harder to cast,
                  | but a little more powerful. [potion of mutation]
  4314 | D:6      | Reached skill level 5 in Armour
  4404 | D:6      | Noticed a steam dragon
  4410 | D:6      | Killed a steam dragon
  4411 | D:6      | Reached XP level 8. HP: 67/67 MP: 8/8
  4416 | D:6      | Reached * piety under Qazlal
  4458 | D:6      | Reached skill level 5 in Polearms
  4458 | D:6      | Reached skill level 1 in Invocations
  4458 | D:6      | Reached skill level 1 in Evocations
  4497 | D:6      | Identified the +7 rapier of the Brewing Gods {freeze,
                  | Will+++ MP-9 Int+4}
  5276 | D:7      | Reached XP level 9. HP: 72/72 MP: 9/11
  5452 | D:7      | Found a runed translucent door.
  5453 | D:7      | Noticed Crazy Yiuf
  5457 | D:7      | Killed Crazy Yiuf
  5788 | D:8      | Noticed Grum
  6122 | D:7      | Killed Grum
  6403 | D:8      | Reached skill level 1 in Stealth
  6549 | D:8      | Reached ** piety under Qazlal
  6710 | D:8      | Noticed Prince Ribbit
  6713 | D:8      | Killed Prince Ribbit
  6924 | D:9      | Noticed a two-headed ogre
  6931 | D:9      | Killed a two-headed ogre
  6932 | D:9      | Reached skill level 5 in Fighting
  6932 | D:9      | Reached XP level 10. HP: 49/81 MP: 13/13
  6932 | D:9      | Found a staircase to the Lair.
  7043 | D:9      | Found a flagged portal.
  7074 | Bailey   | Entered a bailey
  7201 | Bailey   | Reached *** piety under Qazlal
  7391 | Bailey   | Identified the +1 hat "Doirus" {rPois}
  7465 | D:9      | Found a radiant altar of Vehumet.
  7499 | D:9      | Reached skill level 5 in Evocations
  7541 | D:9      | Found a sacrificial altar of Ru.
  7917 | D:9      | Reached skill level 10 in Polearms
  7917 | D:9      | Reached skill level 5 in Invocations
  8119 | D:9      | Noticed a two-headed ogre
  8126 | D:9      | Killed a two-headed ogre
  8127 | D:9      | Gained mutation: You are mostly covered in sharp spines.
                  | [demonic ancestry]
  8127 | D:9      | Reached XP level 11. HP: 77/88 MP: 15/15
  8214 | D:9      | Reached **** piety under Qazlal
  8255 | D:9      | Identified the ring "Pykhlokha" {AC+4 Int+4}
  8255 | D:9      | Noticed a deep elf pyromancer
  8258 | D:9      | Killed a deep elf pyromancer
  8261 | D:9      | Noticed a two-headed ogre
  8793 | D:9      | Killed a two-headed ogre
  8935 | D:9      | Reached skill level 1 in Throwing
  9197 | D:10     | Entered Level 10 of the Dungeon
  9229 | D:10     | Noticed Urug
  9234 | D:10     | Killed Urug
  9445 | D:10     | Found a staircase to the Orcish Mines.
  9776 | D:11     | Noticed a boulder beetle
  9785 | D:11     | Killed a boulder beetle
 10001 | D:11     | Noticed Josephine
 10010 | D:10     | Killed Josephine
 10011 | D:10     | Gained mutation: You have a somewhat thin skeletal
                  | structure. (Dex +2, Stealth+) [demonic ancestry]
 10011 | D:10     | Reached XP level 12. HP: 96/96 MP: 17/17
 10040 | D:11     | Noticed a two-headed ogre
 10043 | D:11     | Killed a two-headed ogre
 10117 | D:11     | Noticed a six-headed hydra
 10125 | D:11     | Killed an eight-headed hydra
 10752 | D:12     | Noticed Snorg
 10758 | D:12     | Noticed Frances
 10760 | D:12     | Killed Snorg
 10763 | D:12     | Killed Frances
 10939 | D:12     | Reached ***** piety under Qazlal
 10947 | D:12     | Noticed a two-headed ogre
 10952 | D:12     | Killed a two-headed ogre
 11021 | D:12     | Noticed a two-headed ogre
 11030 | D:12     | Killed a two-headed ogre
 11460 | D:13     | Noticed a boulder beetle
 11461 | D:13     | Killed a boulder beetle
 11478 | D:13     | Noticed a tengu warrior
 11482 | D:13     | Killed a tengu warrior
 11567 | D:13     | Noticed a death knight
 11875 | Lair:1   | Entered Level 1 of the Lair of Beasts
 11955 | Lair:1   | Noticed a five-headed hydra
 11961 | Lair:1   | Killed a seven-headed hydra
 12338 | Lair:1   | Gained mutation: You have a moderately thin skeletal
                  | structure. (Dex +4, Stealth++) [demonic ancestry]
 12338 | Lair:1   | Reached XP level 13. HP: 104/104 MP: 19/19
 13810 | Lair:2   | Found a staircase to the Shoals.
 14318 | Lair:3   | Noticed Sonja
 14320 | Lair:3   | Killed Sonja
 14540 | Lair:3   | Reached skill level 10 in Invocations
 15492 | Lair:4   | Noticed Kirke
 15510 | Lair:3   | Killed Kirke
 15672 | Lair:4   | Reached skill level 15 in Polearms
 15683 | Lair:4   | Found a staircase to the Snake Pit.
 15808 | Lair:4   | Reached XP level 14. HP: 61/113 MP: 21/21
 17101 | Lair:5   | You fall into a shaft and drop 1 floor!
 17101 | Lair:6   | Entered Level 6 of the Lair of Beasts
 17101 | Lair:6   | Found a sparkling altar of Nemelex Xobeh.
 17111 | Lair:6   | Reached skill level 5 in Shields
 17176 | Lair:5   | Upgraded the game from 0.29-a0-830-gcb1280458a to
                  | 0.29-a0-834-g1e95ca9f62
 17354 | Lair:5   | Identified the +1 robe "Unoi" {Will+++ Regen+ Int-3 Dex+4}
 17592 | Lair:5   | Found a viscous altar of Jiyva.
 17595 | Lair:5   | Found a staircase to the Slime Pits.
 19551 | Lair:6   | Found a runed translucent door.
 19582 | Lair:6   | Reached skill level 10 in Armour
 20413 | Snake:1  | Entered Level 1 of the Snake Pit
 20528 | Snake:1  | Gained mutation: You have an unnaturally thin skeletal
                  | structure. (Dex +6, Stealth+++) [demonic ancestry]
 20528 | Snake:1  | Reached XP level 15. HP: 107/123 MP: 23/23
 20605 | Snake:1  | Reached ****** piety under Qazlal
 20817 | Snake:1  | Reached skill level 10 in Evocations
 20818 | Snake:1  | Noticed a nagaraja
 20828 | Snake:1  | Killed a nagaraja
 21283 | Snake:1  | Identified the +4 shortbow "Yggum" {venom, rN+ Str+3 Dex-3}
 23209 | Snake:2  | Identified the +1 ring mail of Altruism {rElec Str+3 Dex+2
                  | Slay+2}
 23351 | Snake:2  | Identified the +2 hat "Xaicaic" {Int+4}
 23363 | Snake:2  | Identified the +3 quarterstaff of the Pits of Slime
                  | {freeze, Fly rC+++ Int-2 Stlth-}
 24208 | Snake:2  | Reached XP level 16. HP: 125/132 MP: 25/25
 25141 | Snake:3  | Noticed Azrael
 25326 | Snake:3  | Killed Azrael
 27129 | Snake:4  | Entered Level 4 of the Snake Pit
 27240 | Snake:4  | Found a shadowy altar of Dithmenos.
 27477 | Snake:4  | Noticed Asterion
 27501 | Snake:4  | Killed Asterion
 27502 | Snake:4  | Reached skill level 10 in Fighting
 28500 | Snake:4  | Noticed Mlioglotl
 28508 | Snake:4  | Killed Mlioglotl
 28579 | Snake:4  | Noticed Aizul
 28976 | Snake:4  | Killed Aizul
 29155 | Snake:4  | Found Suijup's Book Emporium.
 29159 | Snake:4  | Found Migga's Jewellery Boutique.
 29160 | Snake:4  | Found Xaor's Book Emporium.
 29177 | Snake:4  | Bought an amulet of guardian spirit for 660 gold pieces
 29720 | Snake:3  | Gained mutation: Your touch may irresistibly damage your
                  | foes and sap their willpower. [demonic ancestry]
 29720 | Snake:3  | Reached XP level 17. HP: 137/140 MP: 27/27
 30950 | Snake:4  | Got a serpentine rune of Zot
 31435 | Shoals:1 | Entered Level 1 of the Shoals
 31440 | Shoals:1 | Noticed a kraken
 31582 | Shoals:1 | Killed a kraken
 32060 | Shoals:1 | Found Doczim's Antique Armour Emporium.
 32203 | Shoals:1 | Reached skill level 15 in Invocations
 32224 | Shoals:1 | Noticed Louise
 32238 | Shoals:1 | Killed Louise
 32887 | Shoals:1 | Noticed a kraken
 32911 | Shoals:1 | Killed a kraken
 33035 | Shoals:2 | Noticed a kraken
 33049 | Shoals:2 | Killed a kraken
 33376 | Shoals:2 | Reached XP level 18. HP: 130/151 MP: 27/29
 34111 | Shoals:1 | Bought a runed scarf for 208 gold pieces
 34111 | Shoals:1 | Bought a glowing helmet for 195 gold pieces
 34168 | Shoals:3 | Noticed Nikola
 34188 | Shoals:3 | Killed Nikola
 34755 | Shoals:3 | Reached skill level 5 in Stealth
 36415 | Shoals:4 | Entered Level 4 of the Shoals
 36889 | Shoals:4 | Noticed Mara
 37078 | Shoals:4 | Noticed jlumianski's illusion
 37086 | Shoals:4 | Killed Mara
 37274 | Shoals:4 | Got a barnacled rune of Zot
 38658 | Shoals:4 | Got the Exposition on the Voltaic Volcanoes
 39652 | D:14     | Found a gate to the Vaults.
 39668 | D:14     | Noticed Rupert
 39668 | D:14     | Paralysed by Rupert for 4 turns
 39677 | D:14     | Killed Rupert
 39795 | D:14     | You fall into a shaft and drop 1 floor!
 39795 | D:15     | Entered Level 15 of the Dungeon
 39856 | D:14     | Reached XP level 19. HP: 120/161 MP: 26/31
 39964 | D:15     | Found a frozen archway.
 40021 | IceCv    | Entered an ice cave
 40368 | IceCv    | Reached skill level 1 in Staves
 40400 | IceCv    | Reached skill level 1 in Short Blades
 40409 | IceCv    | Found the +3 Mad Mage's Maulers {Infuse+∞ RegenMP Int-3}
 40580 | IceCv    | Found an ancient bone altar of Kikubaaqudgha.
 40919 | D:15     | Found a staircase to the Depths.
 40974 | D:15     | Found a stormy altar of Qazlal.
 41365 | D:15     | Found Nihe's Jewellery Shoppe.
 41377 | D:15     | Bought the amulet "Astot" {Contam rElec rF+++ Will+ Regen+}
                  | for 948 gold pieces
 41648 | D:14     | Found Zaopuhut's Antique Armour Boutique.
 42044 | D:14     | Found a portal to a secret trove of treasure.
 42190 | Vaults:1 | Entered Level 1 of the Vaults
 43014 | Vaults:1 | You fall into a shaft and drop 1 floor!
 43125 | Vaults:1 | Reached skill level 15 in Armour
 44013 | Vaults:2 | Gained mutation: A demonic guardian rushes to your aid.
                  | [demonic ancestry]
 44013 | Vaults:2 | Reached XP level 20. HP: 174/174 MP: 28/32
 44312 | Vaults:2 | Found a staircase to the Crypt.
 44312 | Vaults:2 | Found a basalt altar of Yredelemnul.
 44317 | Vaults:2 | Found an ancient bone altar of Kikubaaqudgha.
 44542 | Vaults:2 | Got the Volume of Violent Metal
 45142 | Vaults:2 | Reached skill level 15 in Fighting
 45219 | Vaults:3 | Noticed Bai Suzhen
 45382 | Vaults:2 | Killed Bai Suzhen
 46035 | Vaults:3 | Reached skill level 15 in Evocations
 46177 | Vaults:3 | Noticed Boris
 46193 | Vaults:3 | Killed Boris
 47211 | Vaults:4 | Noticed Zenata
 47215 | Vaults:4 | Reached XP level 21. HP: 161/187 MP: 34/34
 47245 | Vaults:4 | Slain by a +1 glaive of flaming

Illustrated notes

Levels and vault maps discovered:
D:1:      dpeg_arrival_arbitrary_c, layout_loops_ring, serial_forest,
          infiniplex_forest_clump_double, infiniplex_forest_end_3,
          infiniplex_forest_straight_2, infiniplex_forest_straight_3,
          infiniplex_forest_end_double, infiniplex_forest_clump_curved,
          infiniplex_forest_side_room, infiniplex_forest_straight_4,
          infiniplex_forest_lined_room_2, ebering_ecumenical_altar_petrified,
          nrook_mini_vaults
D:2:      layout_basic, feat_on_display, uniq_sigmund
D:3:      layout_basic, led_sif_book, ebering_ghost_reflecting_pool,
          uniq_terence
D:4:      layout_cave_pools, minmay_temple_entry_wispy, serial_shops,
          kennysheep_mini_moat
D:5:      layout_basic, nicolae_hepliaklqana_hazy_memory,
          nicolae_overflow_hallway_of_the_gods, uniq_ijyb
D:6:      layout_cave_pools
D:7:      layout_rooms, serial_curves, eino_curves_02, eino_curves_03,
          serial_park_tiny_pond, uniq_crazy_yiuf_cottage
D:8:      layout_loops_cross, kennysheep_generic_room_5, uniq_grum,
          uniq_prince_ribbit1
D:9:      minmay_the_grid_3x3 [minmay_the_grid_tree,
          minmay_the_grid_stretched_grid, minmay_the_grid_eight,
          minmay_the_grid_outer_diamond, minmay_the_grid_pillar_ring,
          minmay_the_grid_tiny_cups, minmay_the_grid_broken_lines,
          minmay_the_grid_box_x, minmay_the_grid_prize_four_corners_diamond_a],
          layout_basic, mainiacjoe_overflow_small_starburst,
          nicolae_ru_awakened_eye, lair_entry_dummy, enter_bailey_4,
          palyth_stone_intersect, lemuel_flamethrower_1
D:10:     layout_basic, orc_0_dummy, uniq_urug
D:11:     layout_loops_ring, uniq_josephine
D:12:     layout_loops_ring, uniq_frances, uniq_snorg
D:13:     layout_gridville
D:14:     layout_long_grid, erik_vaults_1, serial_shops, shop_statue,
          enter_trove_3, grunt_decor_fettered, uniq_rupert
D:15:     hangedman_depths_entry_civil_slaughter, layout_gridville,
          serial_shops, nicolae_shop_statue_plus, solitary_fountain,
          serial_glass, glass_columns_a, glass_columns_a, due_unseen_surprise,
          item_on_display_b, minmay_strange_pillars,
          portal_ice_cave_entry_ugly_swarm, grunt_qazlal_clouds
Temple:   nicolae_temple_hex_pool
Lair:1:   layout_layer_cave, grunt_forest_stairs_basic
Lair:2:   layout_gridlike, minmay_shoals_entry_beasts, lemuel_fruit_tree
Lair:3:   layout_regular_city, uniq_sonja
Lair:4:   layout_cave_pods, minmay_snake_entry_guardpost_medium,
          serial_bayou_shore_a, serial_bayou_shore_b, serial_bayou_shore_b,
          serial_bayou_shore_b, uniq_kirke
Lair:5:   layout_roguey, slime_entry_1, grunt_megastairs_3
Lair:6:   wormcave, layout_loops_ring, guppyfry_lair_end_dragon, basic_altar,
          chequers_serial_rivers_small_a
Shoals:1: layout_shoals, nicolae_take_the_stairs, nicolae_shoals_undead_eyrie,
          uniq_louise
Shoals:2: layout_shoals, nicolae_shoals_hidden_pirate_stash
Shoals:3: layout_shoals, nicolae_shoals_spring_well_temple, uniq_nikola
Shoals:4: shoals_end_simple, layout_shoals, nicolae_shoals_secluded_bog,
          uniq_mara
Snake:1:  layout_onion, nicolae_snake_storage_room
Snake:2:  minmay_snake_river, layout_rooms
Snake:3:  layout_misc_corridors, uniq_saint_roka, uniq_azrael
Snake:4:  grunt_snake_rune_serpentine_throne, layout_basic, basic_altar,
          nicolae_triple_integral, minmay_shop_grove, uniq_asterion, uniq_aizul,
          uniq_mlioglotl
Vaults:1: ontoclasm_vaults_idyll, nicolae_vaults_network_square,
          vaults_room_hangedman_quadrants, nicolae_vaults_yaktaur_gun_rack,
          grunt_vaults_hallway_short, nicolae_vaults_what_the_h,
          layout_vaults_quadrants
Vaults:2: hangedman_vaults_trim, v_misc_16, nicolae_vaults_little_ls,
          hangedman_vaults_nails, v_misc_4, special_room_vaults
          [special_room_orc], nicolae_vaults_twisting_passages,
          ontoclasm_vaults_ring_large, grunt_vaults_swirl,
          hangedman_vaults_slice, vaults_room_ringed_pool,
          vaults_room_door_ring, vaults_dpeg_cross,
          minmay_crypt_entry_necro_gods, nicolae_vaults_little_squares_1,
          layout_vaults_omnibox
Vaults:3: nicolae_vaults_hallways_thing, ontoclasm_vaults_ring_small,
          nicolae_vaults_specimen_jars, v_misc_4, vaults_room_fancy_cross,
          vaults_room_corners, vaults_dpeg_encased_lava,
          ontoclasm_vaults_ligature, hangedman_vaults_restitches,
          nicolae_vaults_little_squares_5, nicolae_vaults_sealed_display,
          ontoclasm_vaults_decontamination, layout_vaults_chaotic_city,
          uniq_boris, uniq_bai_suzhen
Vaults:4: vaults_dpeg_hooks, hangedman_vaults_maws, v_misc_18, v_misc_19,
          ontoclasm_vaults_misaligned, v_rooms_1, grunt_vaults_focal,
          ontoclasm_vaults_ring_large, layout_vaults_ring, uniq_zenata

Skill      XL: |  1  2  3  4  5  6  7  8  9 10 11 12 13 14 15 16 17 18 19 20 |
---------------+-------------------------------------------------------------+-----
Axes           | 2 3 4 |  4.6
Armour         | 3 4 5 6 7 8 9 10 11 12 14 15 16 | 16.2
Shields        | 3 4 5 6 7 |  7.0
Fighting       | 4 5 6 7 8 9 10 11 12 14 15 | 15.9
Polearms       | 1 4 6 9 10 12 13 15 16 17 18 19 | 19.7
Invocations    | 2 4 5 7 9 10 11 12 13 15 16 17 19 | 19.0
Evocations     | 2 4 5 7 8 9 10 11 12 13 14 15 | 15.3
Stealth        | 1 2 3 4 5 |  5.1
Throwing       | 1 2 |  2.6
Staves         | 2 |  2.8
Short Blades   | 1 |  1.0
Dodging        | |  0.7

Action                   |  1- 3 |  4- 6 |  7- 9 | 10-12 | 13-15 | 16-18 | 19-21 || total
-------------------------+-------+-------+-------+-------+-------+-------+-------++-------
Melee: War axe           |   101 |    28 |       |       |       |       |       ||   129
       Touch             |     9 |     5 |       |     1 |     6 |     2 |       ||    23
       Punch             |       |     1 |       |     1 |       |     1 |       ||     3
       Glaive            |       |    10 |    96 |   235 |   452 |   742 |   697 ||  2232
       Spear             |       |       |       |     5 |    16 |     8 |       ||    29
       Rapier            |       |       |       |       |       |     2 |       ||     2
       Quarterstaff      |       |       |       |       |       |       |    40 ||    40
Throw: Dart              |       |     4 |       |     3 |       |       |       ||     7
       Boomerang         |       |       |       |       |     2 |    28 |     7 ||    37
Invok: Elemental Force   |       |       |       |     1 |     7 |     8 |     6 ||    22
       Upheaval          |       |       |       |       |     2 |     8 |     6 ||    16
Evoke: Tin of tremorston |       |       |       |       |       |     5 |       ||     5
       Lightning rod     |       |       |       |       |       |     2 |     1 ||     3
       Wand              |       |       |       |       |       |     1 |       ||     1
       Condenser vane    |       |       |       |       |       |     1 |       ||     1
  Use: Scroll            |       |       |    15 |     6 |     6 |     7 |     3 ||    37
       Potion            |       |       |     2 |       |     3 |     6 |     1 ||    12
 Stab: Distracted        |       |       |     2 |     2 |    11 |    11 |    20 ||    46
       Paralysed         |       |       |       |       |     1 |     3 |       ||     4
Armor: Plate armour      |    54 |     1 |    68 |    37 |       |       |       ||   160
       Scale mail        |     1 |       |       |       |       |       |       ||     1
       Chain mail        |     6 |    26 |       |       |       |       |       ||    32
       Gold dragon scale |       |       |       |   198 |   491 |   783 |    50 ||  1522
       Crystal plate arm |       |       |       |       |       |       |   544 ||   544
Dodge: Dodged            |    26 |    17 |    53 |    92 |   137 |   263 |   204 ||   792
       Repelled          |       |       |       |       |    16 |    34 |     2 ||    52
Block: Buckler           |    20 |       |       |       |       |       |       ||    20
       Other             |       |       |     6 |    67 |   177 |   368 |   276 ||   894

Table legend: (Time is in decaauts)
 A = Elapsed time spent in this place.
 B = Non-inter-level travel time spent in this place.
 C = Inter-level travel time spent in this place.
 D = Time resting spent in this place.
 E = Time spent auto-exploring this place.
 F = Levels seen in this place.
 G = Mean time per level.
                   A        B        C        D        E       F      G
               +--------+--------+--------+--------+--------+-----+--------+
         Total |  47689 |  45527 |   2162 |  10529 |  18457 |  36 | 1324.7 |
       Dungeon |  14136 |  13336 |    800 |   1068 |   8219 |  15 |  942.4 |
        Temple |     73 |     73 |      0 |      0 |      0 |   1 |   73.0 |
          Lair |   9562 |   8760 |    802 |   1425 |   4764 |   6 | 1593.7 |
        Shoals |   7328 |   6995 |    333 |   2230 |   1959 |   4 | 1832.0 |
     Snake Pit |  10643 |  10551 |     92 |   5176 |   1318 |   4 | 2660.8 |
        Vaults |   4686 |   4553 |    133 |    303 |   2128 |   4 | 1171.5 |
        Bailey |    406 |    406 |      0 |      0 |     19 |   1 |  406.0 |
      Ice Cave |    853 |    853 |      0 |    326 |     49 |   1 |  853.0 |
               +--------+--------+--------+--------+--------+-----+--------+

Top non-repeatable levels by time:
 Snake:1: 3177 daAuts
 Snake:4: 2610 daAuts
 Snake:3: 2604 daAuts
Shoals:2: 2272 daAuts
 Snake:2: 2251 daAuts
  Lair:1: 1901 daAuts
     D:9: 1893 daAuts
Shoals:4: 1866 daAuts
Shoals:3: 1831 daAuts
  Lair:6: 1743 daAuts
  Lair:4: 1728 daAuts
Vaults:3: 1655 daAuts
  Lair:2: 1595 daAuts
Vaults:1: 1471 daAuts
  Lair:3: 1393 daAuts
